AoeStats
← mayisupreme

Arena

508229183Analyzed
1v1 RM · 9d ago on Sep 21, 2026· 31m 39s· 2 players
Game mode
Random Map
Map size
Tiny (2 player)
Population
200
Speed
Normal
Resources
Standard
Victory
Conquest
Starting age
Dark Age
Ending age
Imperial Age
RankedLock teamsTeams togetherTeam positionsShared explorationLock speedFull tech treeHidden civsTurbo modeCheats
Victory
Defeat
🇹🇼 Sicilians · Taiwan
799
+15
🇨🇴 Ethiopians · Colombia
782
-15
ryamkk
0:33 Loom
15:14 Feudal Age
18:06 Double-Bit Axe
18:03 Horse Collar
21:48 Castle Age
20:25 Wheelbarrow
20:57 Fletching
22:01 Padded Archer Armor
21:53 Crossbowman
22:45 Bodkin Arrow
24:10 Leather Archer Armor
mayisupreme
0:45 Loom
13:12 Feudal Age
14:10 Double-Bit Axe
19:29 Castle Age
18:34 Fletching
19:48 Scale Mail Armor
23:40 Chain Mail Armor
23:22 Bodkin Arrow
25:26 Bow Saw
28:35 Horse Collar
29:28 Gambesons
29:45 Squires
Connection lost

Rejoining the realm…

Still unreachable

The connection could not be restored.

Session expired

The server has moved on; the page needs a fresh start.